AoeStats
← Lemi

Black Forest

507323083Analyzed
4v4 RM · 15d ago on Sep 17, 2026· 81m 31s· 8 players
Game mode
Random Map
Map size
Large (8 player)
Population
200
Speed
Normal
Resources
Standard
Victory
Conquest
Starting age
Dark Age
Ending age
Imperial Age
RankedLock teamsTeams togetherTeam positionsShared explorationLock speedFull tech treeHidden civsTurbo modeCheats
Victory
Defeat
🇹🇼 Khmer · Taiwan
1160
+15
🇬🇧 Japanese · United Kingdom
1131
+16
🇹🇼 Berbers · Taiwan
1117
+17
🇧🇪 Portuguese · Belgium
1115
+17
🇹🇷 Berbers · Türkiye
1174
-17
🇹🇷 Britons · Türkiye
1132
-16
🇹🇷 Portuguese · Türkiye
1129
-16
🇹🇷 Portuguese · Türkiye
1126
-16
noumha
11:47 Feudal Age
12:52 Fishing Lines
16:42 Castle Age
16:42 Double-Bit Axe
18:29 Fervor
26:13 Imperial Age
25:17 Wheelbarrow
25:24 Gillnets
25:19 Horse Collar
26:27 Bow Saw
28:24 Two-Man Saw
28:28 Hand Cart
28:29 Town Watch
29:52 Chemistry
29:01 Fletching
29:23 Stone Mining
29:27 Gold Mining
30:44 Town Patrol
31:07 Loom
32:40 Elite Organ Gun
33:41 Conscription
35:20 Arquebus
36:09 Siege Engineers
36:16 Masonry
39:22 Bodkin Arrow
39:28 Padded Archer Armor
41:53 Architecture
41:08 Treadmill Crane
41:50 Bombard Tower
43:51 Stone Shaft Mining
43:20 Bracer
43:36 Leather Archer Armor
60:13 Ballistics
60:28 Ring Archer Armor
60:09 Forging
59:59 Scale Mail Armor
60:05 Scale Barding Armor
60:22 Elite Skirmisher
61:08 Thumb Ring
64:00 Coinage
63:41 Guilds
65:17 Chain Mail Armor
65:37 Iron Casting
71:03 Fortified Wall
71:45 Pikeman
72:11 Gambesons
73:02 Plate Mail Armor
73:32 Blast Furnace
74:42 Halberdier
75:51 Murder Holes
75:49 Guard Tower
jasonpanex
1:05 Loom
13:24 Feudal Age
14:29 Town Watch
14:37 Double-Bit Axe
14:45 Arson
15:37 Man-at-Arms
25:15 Castle Age
23:28 Stone Mining
24:52 Fishing Lines
25:31 Fletching
25:51 Gillnets
25:57 Gillnets
27:11 Wheelbarrow
27:00 Bow Saw
28:54 Bodkin Arrow
29:12 Forging
31:48 Gold Mining
32:26 Hand Cart
32:41 Light Cavalry
33:33 Bloodlines
33:25 Husbandry
36:20 Imperial Age
34:19 Bloodlines
34:10 Husbandry
34:36 Scale Barding Armor
34:41 Forging
34:36 Kasbah
35:56 Gold Shaft Mining
35:58 Stone Shaft Mining
35:49 Horse Collar
36:42 Chain Barding Armor
36:59 Iron Casting
38:08 Chemistry
36:59 Hussar
40:11 Plate Barding Armor
40:37 Blast Furnace
40:02 Onager
41:53 Masonry
41:24 Treadmill Crane
42:06 Ballistics
42:07 Bracer
42:09 Padded Archer Armor
42:09 Scale Mail Armor
44:04 Elite Skirmisher
44:51 Thumb Ring
59:44 Caravan
76:41 Conscription
75:44 Elite Camel Archer
騰風汲無蹤
8:56 Loom
11:10 Feudal Age
12:38 Wheelbarrow
16:51 Castle Age
15:54 Horse Collar
16:02 Double-Bit Axe
17:50 Bow Saw
19:42 Heavy Plow
24:21 Hand Cart
24:09 Gold Mining
30:17 Imperial Age
28:29 Gold Shaft Mining
29:30 Caravan
30:00 Coinage
30:46 Ballistics
30:22 Murder Holes
32:52 Chemistry
31:58 Siege Engineers
32:28 Banking
32:04 Town Watch
33:25 Crop Rotation
34:03 Forging
33:45 Fletching
34:06 Double Crossbow
34:27 Conscription
34:58 Heavy Scorpion
36:34 Husbandry
36:45 Bloodlines
37:55 Elite Battle Elephant
40:48 Hoardings
40:15 Tusk Swords
39:39 Pikeman
39:42 Light Cavalry
40:38 Masonry
42:44 Iron Casting
42:17 Scale Barding Armor
42:23 Town Patrol
48:04 Chain Barding Armor
48:45 Blast Furnace
47:11 Halberdier
47:14 Hussar
50:56 Plate Barding Armor
50:16 Bodkin Arrow
50:22 Scale Mail Armor
60:59 Chain Mail Armor
60:45 Bracer
61:20 Architecture
61:02 Fortified Wall
71:19 Elite Ballista Elephant
72:19 Padded Archer Armor
JinXss
1:20 Loom
12:19 Feudal Age
15:13 Wheelbarrow
17:00 Horse Collar
17:08 Double-Bit Axe
21:29 Castle Age
20:16 Stone Mining
22:24 Bow Saw
22:31 Hand Cart
23:32 Gold Mining
26:16 Heavy Plow
27:58 Fortified Wall
31:19 Gold Shaft Mining
33:37 Imperial Age
30:53 Town Watch
31:42 Forging
31:33 Scale Mail Armor
33:05 Iron Casting
34:02 Chain Mail Armor
33:34 Arson
33:50 Squires
33:36 Gambesons
33:41 Elite Samurai
34:42 Conscription
36:11 Blast Furnace
36:06 Plate Mail Armor
48:13 Fletching
48:23 Padded Archer Armor
50:03 Elite Skirmisher
51:18 Leather Archer Armor
50:59 Bodkin Arrow
55:39 Ring Archer Armor
55:10 Bracer
75:30 Two-Man Saw
75:01 Pikeman
76:30 Halberdier
InterfectoremTR | The Hood
14:48 Feudal Age
21:24 Castle Age
21:20 Double-Bit Axe
22:38 Bow Saw
28:19 Gold Mining
28:21 Stone Mining
30:29 Horse Collar
34:37 Imperial Age
31:51 Fishing Lines
33:16 Caravan
33:09 Fletching
33:19 Padded Archer Armor
34:49 Onager
35:51 Bloodlines
35:40 Bodkin Arrow
36:00 Leather Archer Armor
36:48 Chemistry
35:54 Heavy Plow
36:14 Light Cavalry
36:55 Husbandry
37:30 Bracer
38:01 Ring Archer Armor
38:00 Elite Camel Archer
39:10 Ballistics
39:41 Siege Engineers
39:42 Hussar
40:37 Forging
40:34 Scale Barding Armor
42:15 Gold Shaft Mining
63:30 Chain Barding Armor
63:47 Iron Casting
65:38 Stone Shaft Mining
66:19 Plate Barding Armor
66:45 Blast Furnace
78:37 Crop Rotation
Kopernik | The Hood
0:32 Loom
13:08 Feudal Age
14:09 Double-Bit Axe
19:37 Castle Age
20:09 Horse Collar
21:10 Wheelbarrow
22:32 Fishing Lines
23:20 Caravan
24:49 Gillnets
31:15 Imperial Age
31:47 Elite Organ Gun
33:55 Chemistry
34:45 Ballistics
34:31 Siege Engineers
36:11 Arquebus
36:37 Conscription
66:55 Pikeman
67:33 Halberdier
69:49 Scale Mail Armor
70:01 Forging
72:22 Forging
72:13 Scale Mail Armor
73:45 Chain Mail Armor
74:05 Iron Casting
77:44 Plate Mail Armor
78:15 Blast Furnace
Lemi
0:26 Loom
11:44 Feudal Age
12:31 Double-Bit Axe
17:16 Castle Age
17:27 Stone Mining
18:54 Horse Collar
19:46 Gold Mining
25:37 Heavy Plow
27:42 Wheelbarrow
27:45 Fletching
27:55 Padded Archer Armor
28:24 Yeomen
28:45 Bow Saw
29:15 Gold Shaft Mining
28:38 Bodkin Arrow
29:23 Leather Archer Armor
30:53 Hand Cart
30:25 Town Watch
31:28 Caravan
32:09 Ballistics
35:32 Imperial Age
35:42 Elite Longbowman
36:43 Conscription
36:26 Bracer
36:56 Ring Archer Armor
37:44 Two-Man Saw
37:46 Chemistry
42:14 Warwolf
53:26 Coinage
53:07 Guilds
67:12 Banking
Torontist | The Hood
0:26 Loom
15:02 Feudal Age
15:48 Double-Bit Axe
20:42 Castle Age
18:35 Fishing Lines
23:20 Gillnets
26:57 Wheelbarrow
26:37 Bow Saw
26:08 Horse Collar
30:17 Imperial Age
29:33 Hand Cart
32:01 Chemistry
31:12 Siege Engineers
31:51 Arquebus
32:25 Conscription
34:56 Two-Man Saw
35:44 Elite Organ Gun
36:50 Town Watch
37:06 Heavy Plow
43:28 Town Patrol
43:41 Forging
42:52 Light Cavalry
43:42 Bloodlines
44:06 Caravan
44:37 Coinage
44:17 Guilds
44:58 Scale Barding Armor
45:29 Iron Casting
47:27 Pikeman
57:54 Bombard Tower
58:54 Halberdier
62:09 Capped Ram
63:52 Husbandry
64:15 Chain Barding Armor
64:56 Blast Furnace
68:43 Scale Mail Armor
74:00 Elite Skirmisher
74:46 Thumb Ring
Connection lost

Rejoining the realm…

Still unreachable

The connection could not be restored.

Session expired

The server has moved on; the page needs a fresh start.